AoeStats
← Jaune China

Arabia

507261793Analyzed
1v1 RM · 14d ago on Sep 17, 2026· 30m 18s· 2 players
Game mode
Random Map
Map size
Tiny (2 player)
Population
200
Speed
Normal
Resources
Standard
Victory
Conquest
Starting age
Dark Age
Ending age
Imperial Age
RankedLock teamsTeams togetherTeam positionsShared explorationLock speedFull tech treeHidden civsTurbo modeCheats
Victory
Defeat
🇫🇷 Bulgarians · France
796
+26
🇹🇼 Burgundians · Taiwan
809
-17
Jaune China
8:30 Loom
10:53 Feudal Age
15:05 Double-Bit Axe
15:02 Horse Collar
16:09 Forging
21:25 Castle Age
21:27 Gold Mining
21:27 Stone Mining
22:58 Scale Barding Armor
23:29 Iron Casting
23:15 Bow Saw
yushun1999
7:22 Loom
8:28 Double-Bit Axe
10:49 Feudal Age
9:57 Horse Collar
12:36 Double-Bit Axe
21:07 Heavy Plow
23:31 Castle Age
22:58 Scale Barding Armor
22:44 Gold Mining
23:08 Bow Saw
23:39 Forging
23:21 Fletching
23:36 Cavalier
25:16 Husbandry
26:13 Wheelbarrow
27:44 Town Watch
28:54 Stone Mining
Connection lost

Rejoining the realm…

Still unreachable

The connection could not be restored.

Session expired

The server has moved on; the page needs a fresh start.